 Dungeon Crawl Stone Soup version 0.29-a0-23-ga79f92ac9c (webtiles) character file.

Game seed: 7757778534204755311

289 Ajdolov the Digger (level 6, -1/36 HPs)
             Began as an Octopode Earth Elementalist on Jan 30, 2022.
             Succumbed to a scorpion's poison
             ... on level 4 of the Dungeon.
             The game lasted 00:08:03 (3653 turns).

Ajdolov the Digger (Octopode Earth Elementalist)    Turns: 3653, Time: 00:08:03

Health: -1/36      AC:  1    Str:  8    XL:     6   Next: 31%
Magic:  6/10       EV: 13    Int: 19    God:
Gold:   283        SH:  0    Dex: 12    Spells: 6/10 levels left

rFire   . . .      SeeInvis .   f - +2 dagger (freeze)
rCold   . . .      Faith    .   (no shield)
rNeg    . . .      Spirit   .   (helmet restricted)
rPois   .          Reflect  .   i - amulet of the acrobat
rElec   .          Harm     .   (no ring)
rCorr   .          Rampage  .   (no ring)
Will    .....                   (no ring)
Stlth   +++.......              (no ring)
HPRegen 0.12/turn               (no ring)
MPRegen 0.12/turn               (no ring)
                                (no ring)
                                (no ring)

@: lethally poisoned (-1 -> -12)
A: almost no armour, amphibious, 8 rings, camouflage 1, gelatinous body 1,
(nimble swimmer 1), tentacles
a: no special abilities


You were on level 4 of the Dungeon.
You visited 1 branch of the dungeon, and saw 4 of its levels.

You collected 283 gold pieces.

Inventory:

Hand Weapons
 f - a +2 dagger of freezing (weapon)
Missiles
 b - 196 stones
Jewellery
 i - an amulet of the acrobat (around mantle)
Scrolls
 a - 2 scrolls of identify {unknown}
 h - a scroll of immolation {unknown}
 j - a scroll of teleportation {unknown}
 k - a scroll of summoning {unknown}
Potions
 c - a potion of might {unknown}
 d - a potion of curing {unknown}
 e - a potion of cancellation
 g - a potion of degeneration {unknown}


   Skills:
 - Level 2.0 Dodging
 - Level 2.6 Stealth
 - Level 2.9 Spellcasting
 * Level 3.1 Conjurations
 - Level 1.0 Transmutations
 * Level 5.4 Earth Magic


You had 6 spell levels left.
You knew the following spells:

 Your Spells              Type           Power      Damage    Failure   Level
a - Sandblast             Erth           46%        2d11      1%          1
b - Stone Arrow           Conj/Erth      38%        3d9       8%          3

Your spell library contained the following spells:

 Spells                   Type           Power      Damage    Failure   Level
 Passwall                 Tmut/Erth      12%        N/A       6%          2
 Ensorcelled Hibernation  Hex/Ice        4%         N/A       24%         2
 Petrify                  Tmut/Erth      15%        N/A       38%         4
 Swiftness                Air            2%         N/A       43%         3


Dungeon Overview and Level Annotations

Branches:
Dungeon (4/15)
 Temple: D:4-7

Altars:

Annotations:
D:3 Grinder


Innate Abilities, Weirdness & Mutations

You cannot wear most types of armour.
You are amphibious.
You can wear up to eight rings at the same time.
Your skin changes colour to match your surroundings (Stealth+).
Your rubbery body absorbs attacks. (AC +1, EV +1)
((You are camouflaged when in or above water. (Stealth+)))
You have tentacles for arms and can constrict up to eight enemies at once.


Message History

You constrict the scorpion, but do no damage.
The scorpion misses you.
Aiming: Sandblast (safe; 1% risk of failure)
Press: ? - help, Q - select action, (/) - cycle Shift-Dir - straight line, f - scorpion
Aim: a scorpion (heavily wounded, constricted by you, 100% to hit)
The blast of sand hits the scorpion but does no damage.
The scorpion is heavily wounded.
You constrict the scorpion, but do no damage.
The scorpion stings you.
You are poisoned.
The scorpion poisons you!
Aiming: Sandblast (safe; 1% risk of failure)
Press: ? - help, Q - select action, (/) - cycle Shift-Dir - straight line, f/p - scorpion
Aim: a scorpion (heavily wounded, constricted by you, 100% to hit)
The blast of sand hits the scorpion.
The scorpion is heavily wounded.
You constrict the scorpion, but do no damage.
You feel very sick. The scorpion stings you. The scorpion stings you!
You are lethally poisoned!
The scorpion poisons you!
Aiming: Sandblast (safe; 1% risk of failure)
Press: ? - help, Q - select action, (/) - cycle Shift-Dir - straight line, f/p - scorpion
Aim: a scorpion (heavily wounded, constricted by you, 100% to hit)
The blast of sand hits the scorpion.
The scorpion is severely wounded.
You constrict the scorpion.
You feel very sick. The scorpion stings you!
* * * LOW HITPOINT WARNING * * *
Aiming: Sandblast (safe; 1% risk of failure)
Press: ? - help, Q - select action, (/) - cycle Shift-Dir - straight line, f/p - scorpion
Aim: a scorpion (almost dead, constricted by you, 100% to hit)
The blast of sand hits the scorpion!
You kill the scorpion!
* * * LOW HITPOINT WARNING * * *
You feel very sick.
Your Conjurations skill increases to level 3!
It was a potion of cancellation.
You feel magically purged.
You die...

##.## ... ... # #.. ##
... #.#..# .. #.#
#.#..###. #.#
#......... #†#
#..#..##.# #@#
#.##..##.# #.#
#.##..##.### #.###.#
##.##......).
#.....####...##.##.###
#####......#....##.###
#.####...#####†... #.#
##.## #.... #.#
#.######.... #.#
#.))).......


There were no monsters in sight!

Vanquished Creatures
  An ogre (D:4)
  A scorpion (D:4)
  A centaur skeleton (D:3)
  A hound skeleton (D:4)
  Robin (D:4)
  4 adders
  A worm (D:2)
  An orc (D:3)
  4 endoplasms
  11 hobgoblins
  3 jackals (D:3)
  3 quokkas
  3 ball pythons
  5 bats
  2 frilled lizards
  12 goblins
  5 kobolds
  4 rats
63 creatures vanquished.

Notes
Turn   | Place    | Note
-------+----------+-------------------------------------------
     0 | D:1      | Ajdolov the Octopode Earth Elementalist began the quest for
                  | the Orb.
     0 | D:1      | Reached XP level 1. HP: 11/11 MP: 3/3
   381 | D:1      | Reached XP level 2. HP: 3/17 MP: 3/5
   692 | D:1      | Found a faded altar of an unknown god.
  1441 | D:2      | Reached XP level 3. HP: 21/21 MP: 3/6
  1520 | D:2      | Reached skill level 4 in Earth Magic
  2320 | D:3      | Learned a level 3 spell: Stone Arrow
  2463 | D:3      | Reached XP level 4. HP: 21/27 MP: 4/8
  2765 | D:3      | Noticed Grinder
  2801 | D:3      | Reached skill level 1 in Conjurations
  2813 | D:3      | Paralysed by Grinder for 2 turns
  2920 | D:3      | Noticed a scorpion
  3351 | D:4      | Reached XP level 5. HP: 17/31 MP: 3/9
  3490 | D:4      | Noticed an ogre
  3500 | D:4      | Killed an ogre
  3501 | D:4      | Reached skill level 5 in Earth Magic
  3509 | D:4      | Noticed Robin
  3515 | D:4      | Killed Robin
  3523 | D:4      | Reached XP level 6. HP: 36/36 MP: 1/10
  3652 | D:4      | HP: 1/36 [poisoned by a scorpion]
  3653 | D:4      | Succumbed to a scorpion's poison

Illustrated notes

Levels and vault maps discovered:
D:1:      dpeg_arrival_lava_temple_mockup, layout_rooms, basic_ecumenical_altar,
          feat_on_display
D:2:      layout_basic
D:3:      minmay_general_purpose_star, layout_basic, uniq_grinder
D:4:      layout_loops_ring, gammafunk_temple_overflow_pools, uniq_robin

Skill      XL: |  1  2  3  4  5  6 |
---------------+-------------------+-----
Earth Magic    | 4 5 |  5.4
Conjurations   | 1 2 3 |  3.1
Dodging        | |  2.0
Stealth        | |  2.6
Spellcasting   | |  2.9
Transmutations | |  1.0

Action                   |  1- 3 |  4- 6 || total
-------------------------+-------+-------++-------
Melee: Unarmed           |    17 |       ||    17
       Constrict         |    12 |     7 ||    19
       Tentacles         |     5 |     4 ||     9
       Dagger            |    26 |    22 ||    48
       Punch             |     1 |       ||     1
 Cast: Sandblast         |    28 |    32 ||    60
  Use: Potion            |       |     1 ||     1
 Stab: Sleeping          |     7 |     2 ||     9
Armor: Skin              |     4 |     2 ||     6
Dodge: Dodged            |    31 |    35 ||    66

Table legend: (Time is in decaauts)
 A = Elapsed time spent in this place.
 B = Non-inter-level travel time spent in this place.
 C = Inter-level travel time spent in this place.
 D = Time resting spent in this place.
 E = Time spent auto-exploring this place.
 F = Levels seen in this place.
 G = Mean time per level.
                   A        B        C        D        E       F      G
               +--------+--------+--------+--------+--------+-----+--------+
         Total |   3651 |   3521 |    130 |     61 |   2803 |   4 |  912.8 |
       Dungeon |   3651 |   3521 |    130 |     61 |   2803 |   4 |  912.8 |
               +--------+--------+--------+--------+--------+-----+--------+

Top non-repeatable levels by time:
     D:2: 1260 daAuts
     D:3: 1106 daAuts
     D:1: 966 daAuts
     D:4: 317 daAuts
